AoeStats
← Pumagun

Lombardia

509651518Analyzed
2v2 RM · 6d ago on Sep 27, 2026· 48m 54s· 4 players
Game mode
Random Map
Map size
Medium (4 player)
Population
200
Speed
Normal
Resources
Standard
Victory
Conquest
Starting age
Dark Age
Ending age
Imperial Age
RankedLock teamsTeams togetherTeam positionsShared explorationLock speedFull tech treeHidden civsTurbo modeCheats
Victory
Defeat
🇧🇷 Japanese · Brazil
1038
+15
🇦🇷 Portuguese · Argentina
1024
+16
🇦🇷 Tupi · Argentina
1048
-16
🇩🇪 Sicilians · Germany
1000
-45
BALDUINO IV
0:49 Loom
10:44 Feudal Age
19:07 Castle Age
18:25 Gold Mining
18:22 Double-Bit Axe
19:58 Bow Saw
19:30 Horse Collar
20:04 Scale Barding Armor
20:54 Bloodlines
25:23 Town Watch
28:20 Husbandry
29:07 Treadmill Crane
30:27 Wheelbarrow
30:21 Forging
30:45 Town Patrol
31:04 Caravan
31:50 Heavy Plow
32:53 Hand Cart
34:03 Iron Casting
33:20 Fletching
35:18 Chain Barding Armor
37:12 Bodkin Arrow
41:09 Imperial Age
42:51 Two-Man Saw
41:45 Stone Mining
42:02 Elite Organ Gun
42:44 Arquebus
43:11 Conscription
44:15 Chemistry
43:36 Ballistics
43:27 Masonry
43:23 Siege Engineers
43:16 Murder Holes
43:21 Cavalier
44:38 Plate Barding Armor
45:04 Blast Furnace
44:52 Bracer
46:38 Padded Archer Armor
46:39 Scale Mail Armor
Deidara
1:49 Loom
10:30 Feudal Age
11:47 Wheelbarrow
10:59 Double-Bit Axe
13:22 Man-at-Arms
15:46 Arson
20:13 Horse Collar
22:43 Castle Age
24:22 Bow Saw
23:35 Long Swordsman
24:01 Gambesons
24:17 Squires
23:39 Pikeman
25:19 Forging
25:49 Scale Mail Armor
28:42 Hand Cart
27:53 Crossbowman
28:38 Thumb Ring
31:48 Ballistics
31:22 Fletching
31:33 Padded Archer Armor
31:00 Elite Skirmisher
34:48 Iron Casting
34:09 Bodkin Arrow
34:30 Leather Archer Armor
34:39 Gold Mining
35:25 Heavy Plow
36:23 Caravan
37:35 Gold Shaft Mining
40:04 Imperial Age
38:52 Chain Mail Armor
41:09 Kataparuto
41:57 Chemistry
42:16 Blast Furnace
41:19 Elite Samurai
42:05 Two-Handed Swordsman
45:27 Champion
Pumagun
15:14 Feudal Age
13:34 Loom
18:42 Double-Bit Axe
20:05 Bloodlines
21:32 Horse Collar
26:59 Castle Age
34:07 Elite Skirmisher
prieto_matias
11:47 Feudal Age
10:03 Loom
12:26 Double-Bit Axe
18:33 Castle Age
18:11 Horse Collar
19:23 Bow Saw
19:25 Crossbowman
22:23 Fletching
23:45 Gold Mining
25:14 Town Watch
25:42 Pikeman
27:38 Padded Archer Armor
28:43 Ballistics
29:50 Wheelbarrow
29:30 Murder Holes
29:52 Squires
29:37 Arson
30:08 Scale Mail Armor
30:04 Bodkin Arrow
30:25 Leather Archer Armor
30:12 Scale Mail Armor
31:00 Heavy Plow
31:53 Forging
32:17 Hand Cart
37:32 Imperial Age
36:18 Gold Shaft Mining
36:43 Chain Mail Armor
37:01 Town Patrol
36:55 Stone Mining
38:36 Iron Casting
37:50 Arbalester
39:43 Chemistry
41:07 Halberdier
42:02 Bracer
43:50 Conscription
43:55 Champi Runner
46:15 Two-Man Saw
46:06 Ring Archer Armor
46:13 Plate Mail Armor
47:19 Champi Warrior
Connection lost

Rejoining the realm…

Still unreachable

The connection could not be restored.

Session expired

The server has moved on; the page needs a fresh start.